← All builds
Suicide front / Armada / Economy first / OBSERVED BUILD

Janus skirmish rush

Vehicle Plant first with a Rover raid, then Janus skirmishers pushed to the middle by 1:18 to fight there well ahead of the usual timing, transitioning into Blitz/Whistler later.

Usually 3 mex, then lab (65%)

#rush #raid #artillery · 103 distinct matches · 19 players · 5% of Armada Suicide front games · team won 59% of 104 · Recently observed

THE CATCH, AND WHAT COMES WITH IT
  • JanusT1 vehicle skirmishers from 1:18 · 6% of role by thenFrom the Vehicle Plant. Only 6% of Suicide front games have it by then; others who build it get it around 1:34
  • Vehicle PlantVehicle Plant in 100%6% of all Suicide front games by then
  • RoverScout in 99%5% of all Suicide front games by then
  • BlitzBlitz in 59%7% of all Suicide front games by then
  • WhistlerMissile truck in 52%2% of all Suicide front games by then

Where those units first fight, in 104 games with kill data: in the middle 94%, on their own side 6%.

Those units destroy a typical 1,206 metal of enemy units by 15:00.

Then transitions into blitz (29% of army), missile truck (13% of army).

HOW TO PLAY IT

Key timing: Vehicle Plant by 0:29

  1. Rush Vehicle Plant instead of the usual bot lab opening.
  2. Send Rover scouts out for early raiding and vision.
  3. Push Janus skirmishers to fight at range in the middle.
  4. Add Shellshocker arty to back the skirmish line.
  5. Transition into Blitz tanks and missile trucks as the army scales.

Phase by phase

TYPICAL OF ITS 103 GAMES · AGAINST STANDARD SUICIDE FRONT
  1. 1
  2. 2
  3. 3
  4. 4
PLAY THE OPENING

Follow the example game's first 6:00 step by step: what to build now, what comes next, and where it goes. At 1× it keeps pace with your own game.

  1. 1

    Up to the Vehicle Plant

    Economy
    • Metal Extractor3Mex+2 vs standard
    Order
    1. Vehicle PlantVehicle Plant after 3 mexdone ~0:47, middle half 0:41–0:49

    By 0:28 in all: 3 mex (standard 1)

    The example game in this phase · 2 steps
    1. Mex ×3
    2. Vehicle PlantVehicle Plantdone 0:48 · typical 0:47
  2. 2

    Vehicle Plant to T1 vehicle skirmishers

    Economy
    • Wind Turbine1Wind
    Order
    1. JanusT1 vehicle skirmishers after 3 mex, 2 wind
    Builders
    • Construction Vehicle2 Con vehicle +2 vs standard
    Army
    • Rover2 Scout +2 vs standard

    Some games also: mex (34%)

    The standard build makes here, this one skips: 2 mex

    By 1:17 in all: 3 mex · 2 wind

    The example game in this phase · 8 steps
    1. RoverScout
    2. Wind
    3. RoverScout
    4. Wind
    5. Construction VehicleCon vehicle
    6. Wind
    7. Construction VehicleCon vehicle
    8. JanusJanusdone 1:34
  3. 3

    T1 vehicle skirmishers to 5:00

    Economy
    • Metal Extractor2Mex
    • Wind Turbine4Wind
    Builders
    • Construction Vehicle2 Con vehicle +2 vs standard
    Army
    • Sentry3 Sentry
    • Whistler5 Missile truck +5 vs standard
    • Janus2 Janus +2 vs standard

    Some games also: Radar Tower (49%) · arty (48%) · Dragon's Teeth (45%) · blitz (38%)

    The standard build makes here, this one skips: 2 con bot · 2 Lazarus · 18 rocketeer

    By 5:00 in all: 5 mex · 6 wind

    The example game in this phase · 25 steps
    1. JanusJanus
    2. ShellshockerArty ×2
    3. Mex
    4. WhistlerMissile truck ×2
    5. Mex
    6. SentrySentry
    7. WhistlerMissile truck
    8. SentrySentry
    9. WhistlerMissile truck ×2
    10. SentrySentry
    11. Construction VehicleCon vehicle
    12. SentrySentry
    13. WhistlerMissile truck
    14. Dragon's TeethDragon's Teeth ×3
    15. WhistlerMissile truck
    16. Dragon's TeethDragon's Teeth
    17. SentrySentry ×2
    18. WhistlerMissile truck ×2
    19. Dragon's TeethDragon's Teeth
    20. WhistlerMissile truck
    21. Construction VehicleCon vehicle
    22. Wind
    23. Construction VehicleCon vehicle
    24. Wind
    25. WhistlerMissile truck
  4. 4

    5:00 to 10:00

    Economy
    • Metal Extractor1Mex
    • Wind Turbine14Wind
    Builders
    • Construction Turret2 Con turret
    • Construction Vehicle1 Con vehicle
    Army
    • Sentry2 Sentry
    • Blitz12 Blitz +12 vs standard
    • Whistler2 Missile truck +2 vs standard

    Some games also: energy storage (48%) · Dragon's Teeth (38%) · Beamer (35%) · Radar Tower (34%)

    The standard build makes here, this one skips: 2 Lazarus · 8 rocketeer

    By 10:00 in all: 7 mex · 20 wind · 1 energy storage · 2 con turret

    The example game in this phase · 130 steps
    1. Con turret
    2. WhistlerMissile truck
    3. Wind ×2
    4. Radar TowerRadar Tower
    5. Wind
    6. WhistlerMissile truck
    7. Con turret
    8. Wind ×3
    9. Energy storage
    10. WhistlerMissile truck
    11. Wind
    12. ShellshockerArty
    13. Construction VehicleCon vehicle
    14. ShellshockerArty
    15. Wind ×3
    16. ShellshockerArty
    17. Wind ×2
    18. ShellshockerArty
    19. Wind ×2
    20. BlitzBlitz
    21. SentrySentry
    22. Wind
    23. BlitzBlitz
    24. Wind ×5
    25. BlitzBlitz
    26. Con turret
    27. Wind ×2
    28. Con turret
    29. Wind
    30. BlitzBlitz ×2
    31. Wind ×3
    32. StoutStout
    33. Wind
    34. StoutStout
    35. Wind ×2
    36. StoutStout
    37. Wind
    38. StoutStout
    39. Con turret
    40. Wind ×2
    41. StoutStout
    42. Wind
    43. Advanced Vehicle PlantAdvanced Vehicle Plantdone 8:55
    44. StoutStout ×2
    45. Wind ×5
    46. Advanced Metal ExtractorT2 mexdone 9:26 · typical 9:31
    47. Wind
    48. GremlinStealth tank
    49. Con turret
    50. Wind ×2
    51. GremlinStealth tank
    52. Wind ×2
    53. Energy storage
    54. Advanced Metal ExtractorT2 mex
    55. ProphetRadar vehicle
    56. Wind
    57. Advanced solar
    58. Wind
    59. UmbraJammer
    60. Wind ×3
    61. MauserMauser ×2
    62. Wind
    63. Advanced Metal ExtractorT2 mex
    64. Wind ×2
    65. MauserMauser
    66. JunoJuno
    67. Wind
    68. MauserMauser
    69. Wind ×3
    70. SentrySentry
    71. Wind
    72. MauserMauser
    73. Wind
    74. Fortification WallFortification Wall
    75. Wind
    76. Fortification WallFortification Wall
    77. Wind
    78. MauserMauser
    79. Fortification WallFortification Wall ×2
    80. ShredderShredderdone 11:52
    81. BeamerBeamer
    82. Fortification WallFortification Wall
    83. Wind ×2
    84. Fortification WallFortification Wall
    85. MauserMauser
    86. Wind ×2
    87. Pit BullPit Bull
    88. JaguarJaguar
    89. Wind
    90. JaguarJaguar
    91. Wind
    92. JaguarJaguar
    93. Wind
    94. Converter
    95. JaguarJaguar
    96. Converter
    97. Wind
    98. JaguarJaguar
    99. Wind
    100. Converter
    101. BeamerBeamer
    102. BullBulldone 13:03
    103. Wind
    104. Converter
    105. Wind ×2
    106. ProphetRadar vehicle
    107. Con turret
    108. UmbraJammer
    109. Wind
    110. Pit BullPit Bull
    111. StarlightStarlightdone 13:42
    112. Wind ×4
    113. GremlinStealth tank
    114. MauserMauser
    115. Wind ×2
    116. MauserMauser ×2
    117. Wind
    118. Bot LabBot Labdone 14:18
    119. Wind
    120. ConsulConsul
    121. Wind ×2
    122. ConsulConsul
    123. Wind
    124. MauserMauser
    125. Pit BullPit Bull
    126. Wind ×3
    127. MauserMauser
    128. Wind
    129. ShredderShredder
    130. Wind

Counts are medians over the build's games: half of them build more, half fewer. The example game is Kcorp's (51 OS, 02/09/2026); pick another.

Team trades

IN AT LEAST 30% OF ITS GAMES

You hand over

Nothing regular.

You get

  • Tidal Generator4 Tidal from Pondfirst at 0:09 · in 77% of games
  • Advanced Construction Bot1 T2 con bot from Geo or Techfirst at 7:14 · in 54% of games

How it plays out

Typical game of this build against the role’s standard build, running totals by minute

  • This build
  • Standard suicide front

Metal produced

010k20k30k
0:005:0010:0015:00

metal

Enemy metal destroyed

05k10k
0:005:0010:0015:00

metal

Own metal lost

05k10k
0:005:0010:0015:00

metal

104 games.

Show as table
ByMetal produced: This buildMetal produced: Standard suicide frontEnemy metal destroyed: This buildEnemy metal destroyed: Standard suicide frontOwn metal lost: This buildOwn metal lost: Standard suicide front
1:003892260000
2:0092588900160
3:001706205621617262106
4:0027313161707660363486
5:0037914236136214138381020
6:00487654302247232715101785
7:00599766613222317921472732
8:00716879104159403531343631
9:00838592984853481639124516
10:009992106885415542644505336
11:0011747122415792589852306080
12:0013448140246435651758866842
13:0015198160426744701365087523
14:0017060179697304768071578336
15:0018578202977840830283989228
WHAT THE NUMBERS SAY

Matched the standard build's win rate but produced less metal and destroyed slightly less enemy metal by 15:00.

  • + Own metal lost by 15:00 lower (8351 vs 9208).
  • + Catch units alone destroy a typical 1231 metal by 15:00.
  • − Metal produced by 15:00 lower than standard (18283 vs 19882).
  • − Enemy metal destroyed by 15:00 slightly lower (7840 vs 8172).
THE EXAMPLE YOU ARE READING

Kcorp

50.8 OS · 02/09/2026

Open source match ↗

6 received units · includes a constructor
489 metal received · 41299 energy received

Allied construction assistance is unknown. Timings are observations, not a promise of solo reproducibility.

Typical milestones

Vehicle Plant0:47Middle 50%: 0:41–0:49 · n=104
Advanced Metal Extractor9:31Middle 50%: 8:35–10:26 · n=75

Played most by

Kcorp45games of this buildHummell18games of this buildImmort7games of this buildAdeus6games of this buildRexalidus6games of this build